 Dungeon Crawl Stone Soup version 0.27-a0-1196-g3e9cee4cb2 (webtiles) character file.

Game seed: 8172139072633129825

20 robertstho the Skirmisher (level 2, -2/24 HPs)
             Began as a Demonspawn Berserker on May 27, 2021.
             Was a Follower of Trog.
             Slain by a worm (5 damage)
             ... on level 2 of the Dungeon.
             The game lasted 00:00:38 (882 turns).

robertstho the Skirmisher (Demonspawn Berserker)     Turns: 882, Time: 00:00:38

Health: -2/24      AC:  2    Str: 17    XL:     2   Next: 58%
Magic:  2/2        EV: 12    Int:  8    God:    Trog [*.....]
Gold:   30         SH:  0    Dex: 12    Spells: 1/1 levels left

rFire    . . .     SeeInvis .   a - +0 hand axe
rCold    . . .     Faith    .   (no shield)
rNeg     . . .     Spirit   .   b - +0 animal skin
rPois    .         Reflect  .   (no helmet)
rElec    .         Harm     .   (no cloak)
rCorr    .         Rampage  .   (no gloves)
Will     .....                  (no boots)
Stlth    +.........             (no amulet)
HPRegen  0.08/turn              (no ring)
MPRegen  0.08/turn              (no ring)

@: on berserk cooldown, slowed, very slow
A: hooves 1
a: Renounce Religion, Berserk


You were on level 2 of the Dungeon.
You worshipped Trog.
Trog was aware of your devotion.
You visited 1 branch of the dungeon, and saw 2 of its levels.

You collected 30 gold pieces.

Inventory:

Hand Weapons
 a - a +0 hand axe (weapon)
Armour
 b - a +0 animal skin (worn)
Scrolls
 c - 3 scrolls of teleportation {unknown}
 e - a scroll of amnesia {unknown}
 f - a scroll of immolation {unknown}
 g - a scroll of vulnerability {unknown}
Potions
 d - a potion of flight {unknown}


   Skills:
 * Level 3.4 Fighting
 + Level 3.0 Axes
 * Level 2.1 Armour
 + Level 1.8 Dodging


You had one spell level left.
You didn't know any spells.
Your spell library was empty.

Dungeon Overview and Level Annotations

Branches:
Dungeon (2/15)

Altars:


Innate Abilities, Weirdness & Mutations

You have large cloven feet.


Message History

Unknown command.
A red film seems to cover your vision as you go berserk!
You feel yourself moving faster!
You feel mighty!
The kobold drinks a potion.
The kobold seems to grow stronger.
The goblin misses you.
You slash the kobold!
You kill the kobold!
Trog accepts your kill.
You hit the goblin.
You kill the goblin!
Trog accepts your kill.
Your Axes skill increases to level 3!
A worm comes into view.
Things that are here:
a +0 dagger; 2 stones You feel a strong urge to attack something.
Things that are here:
a +0 club; a goblin corpse
Found 9 poisoned darts.
You feel your anger nearly subside.
You are no longer berserk.
You are exhausted.
You feel yourself slow down.
You see here a scroll labelled SUCROA RAGUKK.
g - a scroll labelled SUCROA RAGUKK The worm barely misses you.
You hit the worm. You kick the worm.
The worm is moderately wounded.
The worm bites you.
* * * LOW HITPOINT WARNING * * *
You barely miss the worm.
The worm is moderately wounded.
The worm bites you.
* * * LOW HITPOINT WARNING * * *
You barely miss the worm. Your kick misses the worm.
The worm is lightly wounded.
The worm misses you.
You completely miss the worm.
The worm is lightly wounded.
The worm bites you.
You die...

.# ..## . ##
.#.##
#.###.##....#
.......#.####
....>...... #.
#.....#.##.
#..####.@w.....<.
............#...#
...(........[.#
..###.#.....#.#
#.##))..# #
.###.##...##
.........##
..#...)..###.#
....#..#<....#


You could see a worm.

Vanquished Creatures
  2 dart slugs
  A bat (D:1)
  2 goblins
  2 hobgoblins
  A quokka (D:1)
  2 ball pythons (D:1)
  2 frilled lizards (D:1)
  4 kobolds
16 creatures vanquished.

Notes
Turn   | Place    | Note
-------+----------+-------------------------------------------
     0 | D:1      | robertstho the Demonspawn Berserker began the quest for the
                  | Orb.
     0 | D:1      | Reached XP level 1. HP: 18/18 MP: 1/1
   446 | D:1      | Gained mutation: You have large cloven feet. [demonic
                  | ancestry]
   446 | D:1      | Reached XP level 2. HP: 15/24 MP: 2/2
   882 | D:2      | Slain by a worm

Illustrated notes

Levels and vault maps discovered:
D:1:      amcnicky_arrival_abandoned_market, layout_basic
D:2:      layout_loops_ring, basic_ecumenical_altar

Skill      XL: |  1  2 |
---------------+-------+-----
Armour         | 2 |  2.1
Axes           | 3 |  3.0
Fighting       | |  3.4
Dodging        | |  1.8

Action                   || total
-------------------------++-------
Melee: Hand axe          ||    34
       Kick              ||     5
Invok: Berserk           ||     1
 Stab: Sleeping          ||     1
Armor: Animal skin       ||     8
Dodge: Dodged            ||    24

Table legend: (Time is in decaauts)
 A = Elapsed time spent in this place.
 B = Non-inter-level travel time spent in this place.
 C = Inter-level travel time spent in this place.
 D = Time resting spent in this place.
 E = Time spent auto-exploring this place.
 F = Levels seen in this place.
 G = Mean time per level.
                   A        B        C        D        E       F      G
               +--------+--------+--------+--------+--------+-----+--------+
         Total |    887 |    860 |     27 |      0 |    764 |   2 |  443.5 |
       Dungeon |    887 |    860 |     27 |      0 |    764 |   2 |  443.5 |
               +--------+--------+--------+--------+--------+-----+--------+

Top non-repeatable levels by time:
     D:1: 859 daAuts
     D:2: 28 daAuts
